 Dungeon Crawl Stone Soup version 0.22-a0-354-g30dfbe6 (webtiles) character file.

4 Amnesiac the Grave Robber (level 1, 0/13 HPs)
             Began as a Mummy Necromancer on Apr 16, 2018.
             Slain by Blork the orc
             ... wielding a +7 vampiric short sword
              (3 damage)
             ... on level 4 of the Dungeon.
             The game lasted 00:01:04 (368 turns).

Amnesiac the Grave Robber (Mummy Necromancer)        Turns: 368, Time: 00:01:06

Health: 0/13       AC:  8    Str: 11    XL:     1   Next: 50%
Magic:  4/4        EV: 10    Int: 14    God:
Gold:   0          SH:  0    Dex: 12    Spells: 4/5 levels left

rFire    x . .     SeeInvis .   c - +0 hunting sling
rCold    + . .     Gourm    .   (no shield)
rNeg     + + +     Faith    .   b - +3 ring mail "Kuet" {rN++ Regen+ Slay+2}
rPois    ∞         Spirit   .   (no helmet)
rElec    .         Reflect  .   (no cloak)
rCorr    .         Harm     .   (no gloves)
MR       .....                  (no boots)
Stlth    +.........             (no amulet)
HPRegen  0.44/turn              (no ring)
MPRegen  0.09/turn              (no ring)

@: no status effects
A: no food or potions, fire vulnerability, cold resistance 1, negative energy
resistance 3, torment resistance, unbreathing
a: no special abilities


You were on level 4 of the Dungeon.
You were not hungry.

You visited 1 branch of the dungeon, and saw 4 of its levels.

Inventory:

Hand Weapons
 c - a +0 hunting sling (weapon)
Missiles
 a - 21 sling bullets
 d - 7 stones (quivered)
Armour
 b - the +3 ring mail "Kuet" (worn) {rN++ Regen+ Slay+2}
   (You found it on level 4 of the Dungeon)

   It affects your accuracy and damage with ranged weapons and melee attacks
   (+2).
   It greatly protects you from negative energy.
   It increases your rate of regeneration.


   Skills:
 + Level 0.2 Fighting
 * Level 1.7 Dodging
 - Level 1.5 Stealth
 + Level 2.8 Spellcasting
 * Level 4.0 Necromancy


You had 4 spell levels left.
You knew the following spells:

 Your Spells              Type           Power        Failure   Level  Hunger
a - Pain                  Necr           ##..         10%         1    N/A

Dungeon Overview and Level Annotations

Branches:
Dungeon (4/15)
 Temple: D:4-7

Altars:
Okawaru
Vehumet

Annotations:
D:3 Grinder
D:4 Blork the orc


Innate Abilities, Weirdness & Mutations

You do not eat or drink.
Your flesh is vulnerable to fire.
You are immune to poison.
Your flesh is cold resistant. (rC+)
You are immune to negative energy. (rN+++)
You are immune to unholy pain and torment.
You can survive without breathing.


Message History

Aim: Blork the orc, wielding a vampiric short sword and wearing a robe (moderately wounded)
You shoot a stone. The stone hits Blork the orc.
Blork the orc is moderately wounded.
Unknown command.
Firing (i - inventory. (/) - cycle)
d - 15 stones (quivered)
Press: ? - help, Shift-Dir - straight line, f/p - Blork the orc
Aim: Blork the orc, wielding a vampiric short sword and wearing a robe (moderately wounded)
You shoot a stone. The stone hits Blork the orc.
Blork the orc is heavily wounded.
Blork the orc mumbles some strange words.
Blork the orc seems to speed up.
Unknown command.
Firing (i - inventory. (/) - cycle)
d - 14 stones (quivered)
Press: ? - help, Shift-Dir - straight line, f/p - Blork the orc
Aim: Blork the orc, wielding a vampiric short sword and wearing a robe (heavily wounded, fast)
You shoot a stone. The stone hits Blork the orc.
Blork the orc is severely wounded.
Blork the orc looks braver for a moment.
Unknown command.
Firing (i - inventory. (/) - cycle)
d - 13 stones (quivered)
Press: ? - help, Shift-Dir - straight line, f/p - Blork the orc
Aim: Blork the orc, wielding a vampiric short sword and wearing a robe (severely wounded, fast)
You shoot a stone. The stone closely misses Blork the orc.
Blork the orc hits you with a vampiric short sword.
Unknown command.
Firing (i - inventory. (/) - cycle)
d - 12 stones (quivered)
Press: ? - help, Shift-Dir - straight line, f/p - Blork the orc
Aim: Blork the orc, wielding a vampiric short sword and wearing a robe (severely wounded, fast)
You shoot a stone. The stone closely misses Blork the orc.
Blork the orc hits you but does no damage.
Blork the orc screams, "You are the ugliest creature I've ever seen!"
Blork the orc gestures at you while chanting.
The magic dart hits you!
Unknown command.
Firing (i - inventory. (/) - cycle)
d - 11 stones (quivered)
Press: ? - help, Shift-Dir - straight line, f/p - Blork the orc
Aim: Blork the orc, wielding a vampiric short sword and wearing a robe (severely wounded, fast)
You shoot a stone. The stone barely misses Blork the orc.
Blork the orc closely misses you. Blork the orc casts a spell at you.
The puff of flame hits you! The fire burns you terribly!
Ouch! That really hurt!
* * * LOW HITPOINT WARNING * * *
You are too injured to fight recklessly!
Firing (i - inventory. (/) - cycle)
d - 10 stones (quivered)
Press: ? - help, Shift-Dir - straight line, f/p - Blork the orc
Aim: Blork the orc, wielding a vampiric short sword and wearing a robe (severely wounded, fast)
You shoot a stone. The stone closely misses Blork the orc.
Blork the orc barely misses you.
Blork the orc hits you but does no damage.
Firing (i - inventory. (/) - cycle)
d - 9 stones (quivered)
Press: ? - help, Shift-Dir - straight line, f/p - Blork the orc
Aim: Blork the orc, wielding a vampiric short sword and wearing a robe (severely wounded, fast)
You shoot a stone. The stone hits Blork the orc.
Blork the orc is severely wounded.
Blork the orc hits you but does no damage.
Firing (i - inventory. (/) - cycle)
d - 8 stones (quivered)
Press: ? - help, Shift-Dir - straight line, f/p - Blork the orc
Aim: Blork the orc, wielding a vampiric short sword and wearing a robe (severely wounded, fast)
You shoot a stone.
The stone hits Blork the orc but does no damage.
Blork the orc is severely wounded.
Blork the orc hits you with a vampiric short sword.
You die...

#..........#
...........#
...........#
......)....# ###
...........# #.#
...........# ####.#
...........# #....#
#..........#######.##.#
#...............@o((((#
#.........###########(#
..........# #.#
########### #.# #.# #o#
#.# #.# ..............l


You could see Blork the orc.

Vanquished Creatures
  A leopard gecko (D:4)
  A goblin (D:3)
  A rat (D:2)
3 creatures vanquished.

Notes
Turn   | Place    | Note
-------+----------+-------------------------------------------
     0 | D:1      | Amnesiac the Mummy Necromancer began the quest for the Orb.
     0 | D:1      | Reached XP level 1. HP: 13/13 MP: 4/4
    23 | D:3      | Found a radiant altar of Vehumet.
    48 | D:3      | Noticed Grinder
   278 | D:4      | Found an iron altar of Okawaru.
   283 | D:4      | Got a twisted ring mail
   294 | D:4      | Identified the +3 ring mail "Kuet" {rN++ Regen+ Slay+2} (You found it on level 4 of the Dungeon)
   346 | D:4      | Noticed Blork the orc
   346 | D:4      | Noticed an iguana
   368 | D:4      | Slain by Blork the orc

Vault maps used:
D:1:      dpeg_arrival_water_temple_mockup, minmay_fountain_box,
          minmay_pentomino_w4
D:2:      fedhas_altar_1, first_ration, uniq_crazy_yiuf_cottage, uniq_natasha
D:3:      fiery_altar_vehumet, trog_eyes_of_draining, uniq_grinder
D:4:      old_standard_altar, old_standard_altar, uniq_edmund,
          uniq_blork_the_orc

Action                   || total
-------------------------++-------
Melee: Unarmed           ||     2
 Fire: Hunting sling     ||    16
 Cast: Pain              ||     2
  Use: Scroll            ||     1
Armor: Robe              ||     8
       Ring mail         ||     3
Dodge: Dodged            ||    31

Table legend:
 A = Spawn XP
 B = Non-spawn XP
 C = Spawn XP percentage of total XP
 D = Spawn monster count
 E = Non-spawn monster count
 F = Spawn count percentage of total count
 G = Total turns spent on level
                    A         B        C        D         E        F      G
               +---------+---------+-------+---------+---------+-------+---------
         Total |       0 |       6 |   0.0 |       0 |       3 |   0.0 |   368
               +---------+---------+-------+---------+---------+-------+---------
           D:2 |       0 |       1 |   0.0 |       0 |       1 |   0.0 |    10
           D:3 |       0 |       2 |   0.0 |       0 |       1 |   0.0 |    28
           D:4 |       0 |       3 |   0.0 |       0 |       1 |   0.0 |   317
               +---------+---------+-------+---------+---------+-------+---------
